 Dungeon Crawl Stone Soup version 0.16.1-16-gc44b35d (webtiles) character file.

73 hulla the Changer (level 4, 0/28 HPs)
             Began as an Octopode Transmuter on Apr 16, 2015.
             Succumbed to an adder's poison
             ... on level 2 of the Dungeon.
             The game lasted 00:06:32 (1988 turns).

hulla the Changer (Octopode Transmuter)             Turns: 1988, Time: 00:06:32

Health: 0/28       AC:  1    Str: 14    XL:     4   Next: 27%
Magic:  16/16      EV: 12    Int: 16    God:
Gold:   123        SH:  0    Dex: 12    Spells: 3 memorised, 1 level left

rFire  . . .     SeeInvis .     a - +0 hunting sling
rCold  . . .     Clarity  .     (no shield)
rNeg   . . .     SustAb   +     (helmet restricted)
rPois  .         Gourm    .     (no amulet)
rElec  .         Spirit   .     e - ring of sustain abilities
rCorr  .         Warding  .     g - ring of magical power
rMut   .         Stasis   .     (no ring)
MR     .....                    (no ring)
Stlth  ++........               (no ring)
                                (no ring)
                                (no ring)
                                (no ring)

@: mighty, lethally poisoned (0 -> -9), very slightly contaminated, hasted, very
quick, not resistant to hostile enchantments, unstealthy
A: almost no armour, amphibious, 8 rings, constrict 8, camouflage 1, gelatinous
body 1
a: no special abilities


You were on level 2 of the Dungeon.
You were hungry.

You visited 1 branch of the dungeon, and saw 2 of its levels.

You collected 123 gold pieces.

Inventory:

Hand weapons
 a - a +0 hunting sling (weapon)
Missiles
 b - 12 arrows
 h - 46 stones (quivered)
 j - 17 arrows of flame
Jewellery
 e - a ring of sustain abilities (left tentacle)
 g - a ring of magical power (right tentacle)
Scrolls
 f - a scroll of remove curse
 o - a scroll of fog {unknown}
 p - 3 scrolls of enchant weapon {unknown}
 q - a scroll of amnesia
Potions
 c - 2 potions of brilliance
Books
 d - a book of Changes

   Spells                             Type                      Level
   a - Beastly Appendage              Transmutation                1
   b - Sticks to Snakes               Transmutation                2
   c - Spider Form                    Transmutation/Poison         3
   d - Ice Form                       Ice/Transmutation            4
   e - Blade Hands                    Transmutation                5
Comestibles
 i - 4 fruits
 k - a beef jerky
 m - 2 chunks of flesh
 r - a bread ration


   Skills:
 - Level 1.0 Fighting
 - Level 2.0 Dodging
 - Level 3.0 Unarmed Combat
 - Level 2.0 Spellcasting
 + Level 3.7 Transmutations
 * Level 2.4 Poison Magic


You had one spell level left.
You knew the following spells:

 Your Spells              Type           Power        Failure   Level  Hunger
a - Beastly Appendage     Trmt           ##....       6%          1    #......
b - Spider Form           Trmt/Pois      ##........   17%         3    ###....
c - Sticks to Snakes      Trmt           ##........   10%         2    ###....


Dungeon Overview and Level Annotations

Branches:
Dungeon (2/15)

Altars:
Yredelemnul


Innate Abilities, Weirdness & Mutations

You cannot wear most types of armour.
You are amphibious.
You can wear up to eight rings at the same time.
You can use your tentacles to constrict many enemies at once.
Your skin changes colour to match your surroundings (Stealth).
Your rubbery body absorbs attacks (AC +1).


Message History

It was a potion of haste.
You feel yourself speed up.
* * * LOW HITPOINT WARNING * * *
You feel sick.
You are very lightly contaminated with residual magic.
Drink which item? (? for menu, Esc to quit)
It was a potion of might.
You feel very mighty all of a sudden.
* * * LOW HITPOINT WARNING * * *
You feel sick.
* * * LOW HITPOINT WARNING * * *
You feel sick.
Some of the chunks of flesh in your inventory have rotted away.
* * * LOW HITPOINT WARNING * * *
You feel sick.
* * * LOW HITPOINT WARNING * * *
You feel sick.
* * * LOW HITPOINT WARNING * * *
You feel sick.
You are feeling hungry.
You die...

#.# #.#### #.# #.
#.# . ..# #.# #. #.#
#.# ##.#### #[ #.# #
#.# ##.....# #. #.#
#.##.####......# #.
..# #(...........#.#
#. ###
####.###....##[####.
#.######.#
#............
#...(..@.#
###.###.#####
########## #.....#
#######


There were no monsters in sight!

Vanquished Creatures
  2 adders (D:2)
  A giant mite (D:1)
  2 worms (D:2)
  An ooze (D:2)
  6 bats
  4 hobgoblins
  5 kobolds
  A ball python (D:1)
  3 giant cockroaches (D:1)
  2 giant geckos (D:2)
  3 giant newts
  A goblin (D:2)
  2 quokkas (D:2)
  8 rats
41 creatures vanquished.

Notes
Turn   | Place    | Note
--------------------------------------------------------------
     0 | D:1      | hulla, the Octopode Transmuter, began the quest for the Orb.
     0 | D:1      | Reached XP level 1. HP: 13/13 MP: 3/3
   197 | D:1      | Reached XP level 2. HP: 13/18 MP: 4/4
   823 | D:2      | Reached XP level 3. HP: 23/23 MP: 4/6
   842 | D:2      | Learned a level 3 spell: Spider Form
   845 | D:2      | Learned a level 2 spell: Sticks to Snakes
  1303 | D:2      | Reached skill level 1 in Poison Magic
  1516 | D:2      | Found a basalt altar of Yredelemnul.
  1615 | D:2      | Reached XP level 4. HP: 21/28 MP: 7/7
  1986 | D:2      | HP: 1/28 [poisoned by an adder]
  1988 | D:2      | Succumbed to an adder's poison

Action                   |  1- 3 |  4- 6 || total
-------------------------+-------+-------++-------
Melee: Unarmed           |    78 |    18 ||    96
 Fire: Hunting sling     |       |     2 ||     2
 Cast: Beastly Appendage |     6 |     2 ||     8
       Spider Form       |     3 |     4 ||     7
 Abil: End Transformatio |       |     1 ||     1
  Use: Scroll            |     4 |       ||     4
       Potion            |       |     2 ||     2
 Stab: Sleeping          |     3 |     1 ||     4
  Eat: Chunk             |     3 |     1 ||     4
